 Dungeon Crawl Stone Soup version 0.22.1-2-g9c5b331 (webtiles) character file.

92449 thomasnlv21 the Warrior (level 15, -12/145 HPs)
             Began as a Minotaur Berserker on Nov 18, 2018.
             Was an Elder of Trog.
             Mangled by a wolf spider (19 damage)
             ... on level 1 of the Spider Nest.
             The game lasted 01:46:23 (29306 turns).

thomasnlv21 the Warrior (Minotaur Berserker)       Turns: 29306, Time: 01:46:24

Health: -12/145    AC: 21    Str: 25    XL:     15   Next: 57%
Magic:  0/14       EV: 15    Int:  6    God:    Trog [****..]
Gold:   2759       SH:  0    Dex: 13    Spells: 14/14 levels left

rFire    . . .     SeeInvis +   t - +1 war axe of Laceration {drain, rElec MR+ Int+2}
rCold    + . .     Gourm    .   (no shield)
rNeg     . . .     Faith    .   g - +2 plate armour {rC+}
rPois    +         Spirit   +   (helmet unavailable)
rElec    +         Reflect  .   (no cloak)
rCorr    .         Harm     .   (no gloves)
MR       ++...                  l - +0 pair of boots
Stlth    ..........             n - amulet of guardian spirit
HPRegen  0.34/turn              k - ring of poison resistance
MPRegen  0.14/turn              w - ring of see invisible

@: confused, lethally poisoned (-12 -> -17), berserk cooldown, hasted and slowed
A: retaliatory headbutt, horns 3, screaming 1
a: Berserk, Trog's Hand, Brothers in Arms, Renounce Religion


You were on level 1 of the Spider Nest.
You worshipped Trog.
Trog was greatly pleased with you.
You were not hungry.

You visited 5 branches of the dungeon, and saw 25 of its levels.
You also visited: Ossuary and Bailey.

You collected 2759 gold pieces.

Inventory:

Hand Weapons
 t - the +1 war axe of Laceration (weapon) {drain, rElec MR+ Int+2}
   (You found it on level 5 of the Lair of Beasts)

   A truly terrible weapon, it drains the life of those it strikes.
   It affects your intelligence (+2).
   It insulates you from electricity.
   It affects your resistance to hostile enchantments.
 E - a +4 antimagic broad axe
 I - a +1 trident of freezing
 R - the +7 dire flail of Rocuheum {distort, rC+ Dex+5}
   (You found it on level 12 of the Dungeon)

   It warps and distorts space around it.
   Unwielding it can cause banishment or high damage.
   It affects your dexterity (+5).
   It protects you from cold.
 U - a +3 antimagic battleaxe
 W - a +1 executioner's axe of electrocution
Armour
 g - a +2 plate armour of cold resistance (worn)
 l - a +0 pair of boots (worn)
 o - a +2 shield
 M - a +1 plate armour of magic resistance
 T - a cursed +0 chain mail
Jewellery
 a - a +5 ring of strength
 j - an uncursed amulet of harm
 k - a ring of poison resistance (left hand)
 n - an amulet of guardian spirit (around neck)
 w - a ring of see invisible (right hand)
 A - the amulet "Rattom" {+Rage rC++ MR+ Dex-2 SInv}
   (You found it on level 6 of the Lair of Beasts)

   [amulet of rage]

   It affects your dexterity (-2).
   It greatly protects you from cold.
   It affects your resistance to hostile enchantments.
   It lets you see invisible.
   It lets you go berserk.
 O - an uncursed amulet of the gourmand
Wands
 m - a wand of disintegration (22)
 s - a wand of polymorph (27)
 v - a wand of iceblast (32)
 B - a wand of paralysis (9)
 F - a wand of clouds (5)
 G - a wand of enslavement (21)
 X - a wand of acid (6)
Scrolls
 d - 8 scrolls of identify
 h - 5 scrolls of enchant weapon
 p - 8 scrolls of teleportation
 q - 9 scrolls of remove curse
 y - a scroll of holy word
 D - a scroll of fog
 J - 4 scrolls of torment
 K - 4 scrolls of enchant armour
Potions
 e - a potion of flight
 f - 12 potions of curing
 i - a potion of magic
 r - 2 potions of agility
 u - 4 potions of brilliance
 x - 3 potions of heal wounds
 H - a potion of resistance
 L - 2 potions of cancellation
 P - 2 potions of mutation
 Q - a potion of berserk rage
Miscellaneous
 b - a crystal ball of energy
 z - a phial of floods
 C - a crystal ball of energy
Comestibles
 c - 30 rations


   Skills:
 + Level 16.4 Fighting
 + Level 16.3 Axes
 + Level 16.2 Armour
 + Level 15.1 Dodging
 + Level 2.0 Shields


You had 14 spell levels left.
You didn't know any spells.
Your spell library was empty.

Dungeon Overview and Level Annotations

Branches:
Dungeon (15/15)            Temple (1/1) D:4            Lair (6/6) D:8
 Shoals (0/4) Lair:2       Spider (1/4) Lair:2        Slime (0/5) Lair:5
    Orc (2/2) D:10            Elf (0/3) Orc:2        Vaults (0/5) D:14
 Depths (0/5) D:15

Altars:
Ashenzari
Cheibriados
Dithmenos
Elyvilon
Fedhas
Gozag
Hepliaklqana
Kikubaaqudgha
Makhleb
Nemelex Xobeh
Okawaru
Qazlal
Ru
Sif Muna
Trog
Uskayaw
Vehumet
Wu Jian
Xom
Yredelemnul
Zin
The Shining One

Shops:
D:10 :   D:14 [%[   Orc:1 *   Orc:2 [(%*

Portals:
Hell: Lair:6
Trove: D:12 (give 2 scrolls of acquirement)

Annotations:
D:9 3 runed doors
D:10 1 runed door


Innate Abilities, Weirdness & Mutations

You reflexively headbutt those who attack you in melee.
You have a pair of large horns on your head.
You occasionally shout uncontrollably at your foes.


Message History

You feel much better.
You feel sick. The wolf spider closely misses you.
The wolf spider barely misses you. The wolf spider misses you.
The wolf spider closely misses you.
The jumping spider leaps!
The moth of wrath goads the wolf spider on!
The wolf spider goes berserk!
The wolf spider hits you but does no damage.
The wolf spider bites you!
* * * LOW HITPOINT WARNING * * *
The redback barely misses you.
The moth of wrath goads the tarantella on!
The tarantella goes berserk!
The moth of wrath goads the redback on!
The redback goes berserk!
The wolf spider hits you!
* * * LOW HITPOINT WARNING * * *
The wolf spider closely misses you.
Okay, then.
You're too confused!
You feel yourself speed up.
You feel sick. The redback bites you!
* * * LOW HITPOINT WARNING * * *
The wolf spider hits you!!
You die...

#..?...........
...............
...........s...
.........).s^..
...^....s.ss....
......s..........
......^..........
.......§s@....s..
#......ssss^.....
..#...s..ss......
........†s..s....
......†...y.#....
..s....<†....s...
........†........
......!..........
.................


You could see 3 wolf spiders, a moth of wrath, 8 orb spiders, 2 jumping spiders,
3 tarantellas and 3 redbacks.

Vanquished Creatures
  Kirke (D:14)
  Nessos (Lair:5)
  A dire elephant (Lair:6)
  Azrael (D:14)
  Snorg (D:11)
  Josephine (Lair:4)
  7 hydras
  2 catoblepae
  Erica (Orc:1)
  An anaconda (shapeshifter) (D:13)
  2 centaur warriors
  A death knight (D:12)
  5 two-headed ogres
  2 tengu warriors
  An orc high priest (Orc:2)
  2 death yaks (Lair:5)
  A skeletal warrior (D:15)
  Sonja (Orc:1)
  3 unseen horrors
  3 wizards
  2 necromancers
  A fire giant zombie (D:15)
  A wolf spider zombie (D:15)
  A phantasmal warrior (D:12)
  3 orc knights
  A frost giant zombie (D:15)
  2 cyclopes
  3 manticores
  4 orc sorcerers (Orc:2)
  4 wolf spiders
  6 ugly things
  3 black mambas
  An orange demon (Lair:6)
  A torpor snail (Lair:5)
  2 gargoyles (D:14)
  9 spiny frogs
  3 rime drakes
  A kobold demonologist (D:12)
  2 demonic crawlers
  2 freezing wraiths
  2 tengu conjurers
  An efreet (D:15)
  9 komodo dragons
  A red devil (Lair:6)
  2 polar bears
  Prince Ribbit (D:5)
  A jumping spider (Lair:2)
  6 trolls
  3 meliai (D:14)
  A hornet (D:12)
  13 blink frogs
  10 slime creatures
  15 hippogriffs
  2 shadows
  A spriggan zombie (D:15)
  7 redbacks
  3 vampires
  6 tarantellas
  5 wyverns
  3 hogs (D:14)
  5 wraiths
  4 basilisks
  A hog (shapeshifter) (D:13)
  A fire elemental (D:14)
  A steam dragon (D:14)
  32 yaks
  3 hungry ghosts
  An acid dragon (D:12)
  2 soldier ants
  7 hell hounds
  7 water moccasins
  9 porcupines
  7 ice beasts
  4 phantoms
  19 orc warriors
  2 black bears
  2 sky beasts
  A black bear (shapeshifter) (D:15)
  8 ogres
  2 necrophages
  31 wolves
  8 centaurs
  24 crocodiles
  A big kobold (D:9)
  16 bullfrogs
  2 elf zombies (Ossuary)
  Blork the orc (D:6)
  7 scorpions
  A water moccasin skeleton (D:6)
  A tengu zombie (D:15)
  7 wights
  13 killer bees
  9 howler monkeys
  9 crimson imps
  2 bullfrog zombies
  6 centaur zombies
  8 hounds
  20 orc priests
  13 jellies
  5 bullfrog skeletons
  4 centaur skeletons
  12 worker ants
  8 iguanas
  24 orc wizards
  A hound zombie (D:5)
  A howler monkey skeleton (D:7)
  A howler monkey zombie (D:9)
  2 mummies (Ossuary)
  A worker ant zombie (D:7)
  3 gnolls (Orc:1)
  17 adders
  2 shadow imps
  5 oozes
  2 adder zombies
  4 worms
  6 leopard geckos
  62 orcs
  5 giant cockroaches
  7 goblins
  9 hobgoblins
  5 jackals
  4 quokkas
  8 bats
  6 frilled lizards
  2 gnoll zombies (D:4)
  A goblin zombie (Ossuary)
  5 hobgoblin zombies (Ossuary)
  A jackal skeleton (D:8)
  3 jackal zombies (Ossuary)
  14 kobolds
  11 kobold zombies (Ossuary)
  A leopard gecko skeleton (D:6)
  10 orc zombies (Ossuary)
  2 quokka skeletons
  A quokka zombie (D:8)
  11 rats
  2 rat zombies (Ossuary)
  3 fungi
  3 plants
753 creatures vanquished.

Vanquished Creatures (collateral kills)
  Erolcha (Orc:1)
  4 death yaks (Lair:5)
  A sun demon (Lair:6)
  A skeletal warrior (D:15)
  An unseen horror (D:15)
  A phantasmal warrior (D:15)
  An orc knight (Orc:1)
  An ugly thing (D:14)
  A smoke demon (Lair:6)
  2 orange demons (Lair:6)
  An ice devil (Lair:6)
  A troll (Orc:1)
  A redback (Spider:1)
  3 hogs (D:14)
  A warg (Orc:1)
  2 hell hounds
  A porcupine (Lair:5)
  9 orc warriors
  An ogre (Orc:2)
  A crocodile (D:13)
  4 orc wizards
  5 orc priests
  2 gnolls (Bailey)
  5 orcs (Orc:1)
  A hobgoblin (Bailey)
52 creatures vanquished.

Vanquished Creatures (others)
  A human (D:14)
  2 orc wizards
  A bush (Lair:6)
  18 fungi
  11 plants (Lair:6)
33 creatures vanquished.

Grand Total: 838 creatures vanquished

Notes
Turn   | Place    | Note
-------+----------+-------------------------------------------
     0 | D:1      | thomasnlv21 the Minotaur Berserker began the quest for the
                  | Orb.
     0 | D:1      | Reached XP level 1. HP: 19/19 MP: 0/0
   295 | D:1      | Reached XP level 2. HP: 23/27 MP: 1/1
   832 | D:2      | Reached XP level 3. HP: 29/33 MP: 2/2
   945 | D:2      | Noticed a centaur
   947 | D:2      | Reached ** piety under Trog
   953 | D:2      | Killed a centaur
   953 | D:2      | Reached XP level 4. HP: 39/41 MP: 3/3
  1155 | D:2      | Found a radiant altar of Vehumet.
  1166 | D:2      | Reached XP level 5. HP: 46/47 MP: 4/4
  1487 | D:2      | Found a glowing golden altar of the Shining One.
  1579 | D:2      | Found a bloodstained altar of Trog.
  1857 | D:3      | Reached *** piety under Trog
  2061 | D:3      | Reached skill level 5 in Fighting
  2209 | D:3      | Reached skill level 5 in Axes
  2270 | D:3      | Reached XP level 6. HP: 55/56 MP: 5/5
  2505 | D:4      | Found a basalt altar of Yredelemnul.
  2611 | D:4      | Found a burning altar of Makhleb.
  2846 | D:4      | Found Oxowner's Book Shoppe.
  3001 | D:4      | Found a staircase to the Ecumenical Temple.
  3013 | Temple   | Entered the Ecumenical Temple
  3452 | D:5      | Entered Level 5 of the Dungeon
  3711 | D:5      | Noticed a water moccasin
  3717 | D:5      | Killed a water moccasin
  3719 | D:5      | Reached skill level 5 in Armour
  3719 | D:5      | Reached XP level 7. HP: 62/62 MP: 6/6
  3897 | D:5      | Noticed Prince Ribbit
  4299 | D:5      | Killed Prince Ribbit
  4299 | D:5      | Reached skill level 5 in Dodging
  4438 | D:6      | Found an opulent altar of Gozag.
  4581 | D:6      | Reached XP level 8. HP: 70/71 MP: 7/7
  4826 | D:6      | Reached **** piety under Trog
  4830 | D:6      | Noticed Blork the orc
  4838 | D:6      | Killed Blork the orc
  5339 | D:7      | Reached XP level 9. HP: 81/81 MP: 8/8
  5403 | D:7      | Gained mutation: You occasionally shout uncontrollably at
                  | your foes. [potion of mutation]
  5403 | D:7      | Gained mutation: You have a pair of large horns on your
                  | head. [potion of mutation]
  5688 | D:7      | Found a hazy altar of Hepliaklqana.
  6051 | D:7      | Found a deep blue altar of Sif Muna.
  6243 | D:8      | Found a sand-covered staircase.
  6255 | Ossuary  | Entered an ossuary
  6269 | Ossuary  | Reached ***** piety under Trog
  6574 | D:8      | Found an opulent altar of Gozag.
  6577 | D:8      | Found a shadowy altar of Dithmenos.
  6675 | D:8      | Received a gift from Trog
  6746 | D:8      | Noticed a purple ugly thing
  6754 | D:8      | Killed a purple ugly thing
  6754 | D:8      | Reached XP level 10. HP: 91/91 MP: 6/9
  6800 | D:8      | Found a staircase to the Lair.
  7025 | D:8      | Noticed a catoblepas
  7042 | D:8      | Killed a catoblepas
  7528 | D:8      | Reached skill level 10 in Fighting
  7528 | D:8      | Reached skill level 10 in Axes
  8154 | D:9      | Reached skill level 10 in Armour
  8560 | D:9      | Found a runed gate.
  8560 | D:9      | Noticed a purple ugly thing
  8561 | D:9      | Found a runed gate.
  8633 | D:9      | Found a runed gate.
  9072 | D:9      | Noticed a purple ugly thing
  9073 | D:9      | Noticed a brown ugly thing
  9075 | D:9      | Noticed a glowing orange brain
  9736 | D:10     | Entered Level 10 of the Dungeon
  9747 | D:10     | Reached XP level 11. HP: 96/101 MP: 8/10
  9782 | D:10     | Found Ivvya's Book Boutique.
  9783 | D:10     | Found a staircase to the Orcish Mines.
  9918 | D:10     | Received a gift from Trog
 10198 | D:10     | Noticed a two-headed ogre
 10201 | D:10     | Noticed a two-headed ogre
 10208 | D:10     | Killed a two-headed ogre
 10215 | D:10     | Killed a two-headed ogre
 10215 | D:10     | Reached skill level 10 in Dodging
 10326 | D:10     | Found a white marble altar of Elyvilon.
 10337 | D:10     | Found a runed door.
 10337 | D:10     | Noticed an angel
 10544 | D:10     | Killed an unseen horror
 10878 | D:11     | HP: 5/102 [freezing wraith (4)]
 11637 | D:11     | Noticed Snorg
 11646 | D:11     | Killed Snorg
 12271 | D:11     | Noticed a purple ugly thing
 12281 | D:11     | Killed a purple ugly thing
 12446 | Lair:1   | Entered Level 1 of the Lair of Beasts
 12888 | Lair:1   | Noticed an eight-headed hydra
 12898 | Lair:1   | Killed an eight-headed hydra
 12898 | Lair:1   | Reached XP level 12. HP: 112/112 MP: 3/11
 14551 | Lair:2   | Found a hole to the Spider Nest.
 14664 | Lair:2   | Found a staircase to the Shoals.
 15411 | Lair:3   | Noticed a seven-headed hydra
 15423 | Lair:3   | Killed a seven-headed hydra
 15829 | Lair:3   | Noticed a five-headed hydra
 15837 | Lair:3   | Killed a five-headed hydra
 17172 | Lair:4   | Noticed Josephine
 17181 | Lair:4   | Killed Josephine
 17181 | Lair:4   | Reached XP level 13. HP: 122/122 MP: 4/12
 17183 | Lair:4   | Reached ****** piety under Trog
 18007 | Lair:5   | Found a staircase to the Slime Pits.
 18219 | Lair:5   | Received a gift from Trog
 18356 | Lair:5   | Noticed Nessos
 18364 | Lair:5   | Killed Nessos
 18697 | Lair:5   | Got a steaming war axe
 18698 | Lair:5   | Identified the +1 war axe of Laceration {drain, rElec MR+
                  | Int+2} (You found it on level 5 of the Lair of Beasts)
 18767 | Lair:6   | Entered Level 6 of the Lair of Beasts
 18783 | Lair:6   | Found a blossoming altar of Fedhas.
 19460 | Lair:6   | Noticed a dire elephant
 19483 | Lair:6   | Killed a dire elephant
 19693 | Lair:6   | Reached XP level 14. HP: 105/133 MP: 10/13
 20354 | Lair:6   | Found a burning altar of Makhleb.
 20366 | Lair:6   | Received a gift from Trog
 20390 | Lair:6   | Found a gateway to Hell.
 20546 | Lair:6   | Got a warped sapphire amulet
 20829 | Orc:1    | Entered Level 1 of the Orcish Mines
 20829 | Orc:1    | Noticed Erolcha
 20838 | Orc:1    | Killed Erolcha
 21075 | Orc:1    | Identified the amulet "Rattom" {+Rage rC++ MR+ Dex-2 SInv}
                  | (You found it on level 6 of the Lair of Beasts)
 21158 | Orc:2    | Entered Level 2 of the Orcish Mines
 21631 | Orc:2    | Found a staircase to the Elven Halls.
 22012 | Orc:2    | Reached skill level 15 in Fighting
 22012 | Orc:2    | Reached skill level 15 in Axes
 22260 | Orc:2    | Found Bulut's Assorted Antiques.
 22260 | Orc:2    | Found Conkefra's Weapon Boutique.
 22261 | Orc:2    | Found Irphidec's Armour Boutique.
 22268 | Orc:2    | Found Naroih's Food Shop.
 22567 | Orc:1    | Noticed Erica
 22801 | Orc:1    | Killed Erica
 22808 | Orc:1    | Received a gift from Trog
 22811 | Orc:1    | Noticed Sonja
 22880 | Orc:1    | Found Dogei's Assorted Antiques.
 23451 | Orc:1    | Killed Sonja
 23648 | D:12     | Reached skill level 15 in Armour
 23982 | D:12     | Found an opulent altar of Gozag.
 24221 | D:12     | Got an encrusted dire flail
 24222 | D:12     | Identified the +7 dire flail of Rocuheum {distort, rC+
                  | Dex+5} (You found it on level 12 of the Dungeon)
 24446 | D:12     | Found a portal to a secret trove of treasure.
 25152 | D:13     | Found a flagged portal.
 25154 | D:13     | Received a gift from Trog
 25165 | Bailey   | Entered a bailey
 25217 | Bailey   | Found a bloodstained altar of Trog.
 25540 | D:13     | Paralysed by a wizard for 4 turns
 26209 | D:14     | Noticed Azrael
 26224 | D:14     | Killed Azrael
 26224 | D:14     | Reached XP level 15. HP: 143/143 MP: 10/14
 26274 | D:14     | Found Zuimaak's Armour Emporium.
 26361 | D:14     | Noticed Kirke
 26377 | D:14     | Killed Kirke
 26867 | D:14     | Found Beletz's Armour Emporium.
 26965 | D:14     | Found Nelynk's Food Emporium.
 27223 | D:14     | Found a gate to the Vaults.
 27548 | D:15     | Entered Level 15 of the Dungeon
 27787 | D:15     | Received a gift from Trog
 27797 | D:15     | Found a staircase to the Depths.
 27889 | D:15     | Reached skill level 15 in Dodging
 27952 | D:15     | Got translucent swamp dragon scales
 28734 | Spider:1 | Entered Level 1 of the Spider Nest
 28734 | Spider:1 | Noticed a ghost moth
 28779 | Lair:2   | HP: 5/144 [wolf spider (13)]
 28779 | Lair:2   | HP: 2/144 [wolf spider (3)]
 28787 | Lair:3   | Reached skill level 1 in Shields
 29306 | Spider:1 | HP: 7/145 [redback (8)]
 29306 | Spider:1 | Mangled by a wolf spider

Skill      XL: |  1  2  3  4  5  6  7  8  9 10 11 12 13 14 15 |
---------------+----------------------------------------------+-----
Fighting       | 4 5 6 7 9 10 12 13 14 15 16 | 16.4
Axes           | 4 5 6 7 9 10 12 13 14 15 16 | 16.3
Armour         | 3 4 5 6 7 9 10 11 13 14 15 16 | 16.2
Dodging        | 3 4 5 6 8 9 11 12 13 14 15 | 15.1
Shields        | 2 |  2.0

Action                   |  1- 3 |  4- 6 |  7- 9 | 10-12 | 13-15 || total
-------------------------+-------+-------+-------+-------+-------++-------
Melee: Hand axe          |    42 |   155 |    41 |       |       ||   238
       Headbutt          |     4 |    32 |    57 |   116 |   235 ||   444
       War axe           |       |       |   245 |   157 |   734 ||  1136
       Broad axe         |       |       |       |   314 |    65 ||   379
       Trident           |       |       |       |    34 |    36 ||    70
       Executioner's axe |       |       |       |       |    17 ||    17
Invok: Berserk           |     1 |     1 |     7 |    14 |    21 ||    44
       Trog's Hand       |       |       |     1 |       |       ||     1
       Brothers in Arms  |       |       |       |       |    15 ||    15
  Use: Potion            |     2 |     4 |     4 |     5 |     6 ||    21
       Scroll            |     2 |     6 |     4 |     5 |    11 ||    28
  Eat: Chunk             |       |     7 |    14 |    32 |    32 ||    85
       Ration            |       |     1 |     1 |     4 |    11 ||    17
Armor: Ring mail         |    13 |     6 |       |       |       ||    19
       Animal skin       |     3 |       |       |       |       ||     3
       Plate armour      |       |    87 |   157 |   382 |   583 ||  1209
Dodge: Dodged            |    33 |    85 |   148 |   356 |   826 ||  1448
